 Dungeon Crawl Stone Soup version 0.13.1-2-gfb2c2b7 (webtiles) character file.

275 Lilouch the Skirmisher (level 4, -4/35 HPs)
             Began as a Demonspawn Chaos Knight on Dec 8, 2013.
             Was a Plaything of Xom.
             Killed by divine providence
             ... invoked by an orc priest
              (14 damage)
             ... on Level 3 of the Dungeon.
             The game lasted 00:09:18 (2152 turns).

Lilouch the Skirmisher (Demonspawn Chaos Knight)    Turns: 2152, Time: 00:09:18

HP  -4/35        AC  5     Str 14      XL: 4   Next: 96%
MP   4/4         EV 10     Int 13      God: Xom
Gold 140         SH  0     Dex 12      Spells:  0 memorised,  3 levels left

Res.Fire  : . . .   See Invis. : .   a - +0 spear (chaos) {=f}
Res.Cold  : + . .   Warding    : .   b - +2 leather armour
Life Prot.: . . .   Conserve   : .   (no shield)
Res.Poison: .       Res.Corr.  : .   (helmet restricted)
Res.Elec. : .       Clarity    : .   (no cloak)
Sust.Abil.: . .     Spirit.Shd : .   (no gloves)
Res.Mut.  : .       Stasis     : .   (no boots)
Res.Rott. : .       Flight     : .   (no amulet)
Saprovore : . . .                    (no ring)
                                     (no ring)

@: slightly resistant to hostile enchantments, very unstealthy
A: antennae 1, cold resistance 1, demonic guardian 1
a: Renounce Religion


You were on level 3 of the Dungeon.
You worshipped Xom.
You were a toy of Xom.
You were not hungry.

You visited 1 branch of the dungeon, and saw 3 of its levels.

You collected 120 gold pieces.

Inventory:

Hand weapons
 a - a +0,+0 spear of chaos (weapon) {=f}
Missiles
 j - 19 sling bullets
 l - 22 bolts
Armour
 b - a +2 leather armour (worn)
 p - a +2 visored helmet
Comestibles
 c - 3 bread rations
 k - an apple
 v - a meat ration
 x - 3 chunks of orc flesh
 z - a chunk of quokka flesh
Scrolls
 e - 2 scrolls of amnesia
 h - 2 scrolls of fear
 i - a scroll of enchant armour
 m - a scroll of enchant weapon I
 o - a scroll of recharging {unknown}
Potions
 f - 2 potions of might
 n - a potion of resistance {unknown}
 q - 2 potions of heal wounds


   Skills:
 + Level 4.2 Fighting
 + Level 3.5 Polearms
 + Level 3.0 Armour
 - Level 0.8 Dodging


You had 3 spell levels left.
You didn't know any spells.

Dungeon Overview and Level Annotations

Branches:
Dungeon (3/27)

Altars:
Ashenzari


Innate Abilities, Weirdness & Mutations

You have a pair of small antennae on your head.
Your flesh is cold resistant.
A weak demonic guardian rushes to your aid.


Message History

Attack whom?
Press: ? - help, Dir - move target cursor, f - orc
Aim: an orc, wielding an orcish mace You reach to attack!
You closely miss the orc. Your lemure hits the orc. Your lemure hits the orc.
Your lemure completely misses the orc.
The orc priest mumbles some strange prayers to Beogh against you.
Something smites you!
* * * LOW HITPOINT WARNING * * *
The orc hits your lemure with an orcish mace.
Your lemure hits the orc.
The orc dies!
The orc completely misses your lemure.
Your lemure closely misses the orc.
Your lemure hits the orc.
The orc dies!
Your lemure barely misses the orc.
Your lemure completely misses the orc.
Your lemure hits the orc but does no damage.
The orc priest invokes the aid of Beogh against you.
Something smites you!
You die...
Xom chortles!

#.# #.# ..#.# ..#
#.########.#.# ###
#.##...).#.#o#
#.##.###.#.#.#
######.##.###.#.#o#
................#5#
.......##.....#.#.#
###.##.##.##..#.#.##
#.##.#####..#.@<.#
#.##.......(#.##.......
#.#########.#.# ######
#.. ..... #.# ######
###


You could see an orc priest, an orc and a friendly lemure.

Vanquished Creatures
  An orc wizard (D:3)
  5 adders
  A worm (D:3)
  5 giant geckos
  2 orcs (D:3)
  2 ball pythons (D:2)
  3 giant cockroaches
  11 goblins
  5 hobgoblins
  2 kobolds (D:1)
  2 quokkas
  3 bats
  5 giant newts
  2 jackals (D:2)
  8 rats
57 creatures vanquished.

Vanquished Creatures (collateral kills)
  3 orcs (D:3)
3 creatures vanquished.

Vanquished Creatures (others)
  A lemure (D:3)
1 creature vanquished.

Grand Total: 61 creatures vanquished

Notes
Turn   | Place    | Note
--------------------------------------------------------------
     0 | D:1      | Lilouch, the Demonspawn Chaos Knight, began the quest for the Orb.
     0 | D:1      | Reached XP level 1. HP: 16/16 MP: 1/1
    86 | D:1      | Gained mutation: Your flesh is cold resistant. [demonic ancestry]
    86 | D:1      | Reached XP level 2. HP: 13/22 MP: 2/2
   628 | D:1      | XOM: divination: detect creatures
   662 | D:1      | Gained mutation: A weak demonic guardian rushes to your aid. [demonic ancestry]
   662 | D:1      | Reached XP level 3. HP: 24/28 MP: 3/3
  1099 | D:2      | Found a shattered altar of Ashenzari.
  1586 | D:2      | Gained mutation: You have a pair of small antennae on your head. [demonic ancestry]
  1586 | D:2      | Reached XP level 4. HP: 31/34 MP: 4/4
  1594 | D:2      | Reached skill level 4 in Fighting
  1917 | D:3      | XOM: colour smoke trail
  2130 | D:3      | XOM: silly message
  2152 | D:3      | Killed from afar by an orc priest

Action                   |  1- 3 |  4- 6 || total
-------------------------+-------+-------++-------
Melee: Spear             |   165 |    60 ||   225
 Fire: Sling             |       |     8 ||     8
  Use: Scroll            |       |     8 ||     8
 Stab: Confused          |     1 |       ||     1
